 Dungeon Crawl Stone Soup version 0.18-a0-1443-ge8f1551 (webtiles) character file.

413588 Foomius the Tortoise (level 22, -7/172 HPs)
             Began as a Demonspawn Gladiator on Feb 28, 2016.
             Was a High Priest of Okawaru.
             Hit by a large rock thrown by a stone giant (34 damage)
             ... on level 5 of the Vaults on Feb 29, 2016.
             The game lasted 06:19:27 (59367 turns).

Foomius the Tortoise (Demonspawn Gladiator)        Turns: 59367, Time: 06:19:27

Health: -7/172     AC: 37    Str: 19      XL:     22   Next: 51%
Magic:  25/35      EV: 21    Int: 19 (21) God:    Okawaru [*****.]
Gold:   949        SH: 16    Dex: 20      Spells: 8 memorised, 15 levels left

rFire  + + +     SeeInvis +     b - +3 eveningstar (flame)
rCold  x . .     Gourm    .     E - +1 fire dragon armour
rNeg   . . .     Faith    .     e - +0 shield {reflect}
rPois  +         Spirit   .     F - +2 hat
rElec  .         Dismiss  .     r - +2 cloak of Magic {MR+ rCorr}
rCorr  +         Reflect  +     J - +2 pair of gloves of Vifat {rPois}
SustAt .         Harm     .     (boots unavailable)
MR     ++...                    l - amulet of Veclask {Regen+ Int+4 Dex+6}
Stlth  ++........               g - ring of see invisible
                                X - +4 ring of dexterity

@: lethally poisoned (-7 -> -7), about to teleport, heroism, finesse, very
slightly contaminated, regenerating (expiring), repel missiles, very resistant
to hostile enchantments, unstealthy
A: talons 3, rough black scales 3, fire resistance 1, spiny 3, no device heal 1,
flame cloud immunity, MP-powered wands
a: Heroism, Finesse, Renounce Religion
}: 2/15 runes: decaying, serpentine


You were on level 5 of the Vaults.
You worshipped Okawaru.
Okawaru was extremely pleased with you.
You were hungry.

You visited 8 branches of the dungeon, and saw 41 of its levels.
You visited the Abyss 1 time.
You also visited: Labyrinth, Bailey and Volcano.

You collected 4572 gold pieces.
You spent 3623 gold pieces at shops.

Inventory:

Hand Weapons
 a - a +9 demon whip of electrocution
 b - a +3 eveningstar of flaming (weapon)
Missiles
 A - 9 javelins of returning (quivered)
Armour
 c - the +3 scale mail of Umiraohu {rN+ rCorr, unknown}
   (Okawaru gifted it to you on level 3 of the Abyss)

   It protects you from negative energy.
   It protects you from acid and corrosion.
 e - a +0 shield of reflection (worn)
 r - the +2 cloak of Magic (worn) {MR+ rCorr}
   (You acquired it on level 13 of the Dungeon)

   It affects your resistance to hostile enchantments.
   It protects you from acid and corrosion.
 E - a +1 fire dragon armour (worn)
 F - a +2 hat (worn)
 J - the +2 pair of gloves of Vifat (worn) {rPois}
   (You found it on level 2 of the Lair of Beasts)

   It protects you from poison.
Magical Staves
 W - an uncursed staff of wizardry
Rods
 i - a -1 rod of inaccuracy (11/11)
   (You found it on level 1 of the Lair of Beasts)
 p - a +0 lightning rod (13/13)
   (You found it on level 1 of the Swamp)
 V - a +0 rod of ignition (0/12)
   (You took it off a minotaur in a labyrinth)
Jewellery
 g - a ring of see invisible (right hand)
 l - the amulet of Veclask (around neck) {Regen+ Int+4 Dex+6}
   (You found it on level 1 of the Elven Halls)

   [amulet of regeneration]

   It affects your intelligence (+4).
   It affects your dexterity (+6).
   It increases your rate of regeneration.
 X - a +4 ring of dexterity (left hand)
Wands
 d - a wand of iceblast (11/15)
 u - a wand of teleportation (4/9)
 w - a wand of digging (2/24)
 y - a wand of disintegration (15/24)
 B - a wand of confusion (8/48)
 H - a wand of flame (17/48)
 L - a wand of acid (5/15)
 M - a wand of lightning (9/15)
 R - a wand of hasting (5/9)
 S - a wand of paralysis (1/24)
Scrolls
 m - 8 scrolls of teleportation
 q - 2 scrolls of identify
 t - 9 scrolls of fog
 v - 18 scrolls of remove curse
 z - 7 scrolls of magic mapping
 C - 4 scrolls of blinking
 I - 2 scrolls of summoning
 K - a scroll of torment
Potions
 n - 9 potions of curing
 x - 5 potions of heal wounds
 G - a potion of might
 Q - 3 potions of magic
Books
 h - a book of the Dragon

   Spells                             Type                      Level
   a - Flame Tongue                   Conjuration/Fire             1
   b - Cause Fear                     Hexes                        4
   c - Bolt of Fire                   Conjuration/Fire             6
   d - Dragon Form                    Transmutation                7
   e - Dragon's Call                  Summoning                    9
Miscellaneous
 o - a stone of tremors
 D - a lamp of fire
 Y - a phial of floods
Comestibles
 f - 26 bread rations
 j - 2 meat rations
 Z - 9 fruits


   Skills:
 - Level 14.2(19.2) Fighting
 - Level 16.0(21.0) Maces & Flails
 - Level 1.7(6.7) Throwing
 - Level 17.9(22.9) Armour
 - Level 8.8(13.8) Dodging
 - Level 15.0(20.0) Shields
 + Level 9.3 Spellcasting
 - Level 10.6 Conjurations
 + Level 12.4 Charms
 - Level 5.6 Necromancy
 - Level 4.0 Translocations
 - Level 9.0 Air Magic
 - Level 6.8 Invocations
 - Level 6.0 Evocations


You had 15 spell levels left.
You knew the following spells:

 Your Spells              Type           Power        Failure   Level  Hunger
a - Shock                 Conj/Air       ####         1%          1    None
b - Blink                 Tloc           N/A          6%          2    None
c - Repel Missiles        Chrm/Air       #####.       1%          2    None
d - Swiftness             Chrm/Air       #####...     1%          2    None
e - Lightning Bolt        Conj/Air       #####.....   10%         5    #####..
g - Regeneration          Chrm/Necr      #####.....   1%          3    None
h - Haste                 Chrm           ######..     17%         6    ######.
m - Mephitic Cloud        Conj/Pois/Air  ####....     3%          3    None


Dungeon Overview and Level Annotations

Branches:
Dungeon (15/15)            Temple (1/1) D:5            Lair (8/8) D:9
  Swamp (4/4) Lair:5        Snake (4/4) Lair:5        Slime (0/6) Lair:7
    Orc (2/2) D:11            Elf (2/3) Orc:2        Vaults (5/5) D:13
  Crypt (0/3) Vaults:2     Depths (0/5) D:15

Altars:
Ashenzari
Cheibriados
Dithmenos
Elyvilon
Fedhas
Gozag
Kikubaaqudgha
Makhleb
Nemelex Xobeh
Okawaru
Pakellas
Qazlal
Ru
Sif Muna
Trog
Vehumet
Xom
Yredelemnul
Zin
The Shining One
Beogh
Jiyva

Shops:
D:5 }   D:9 [   D:11 :   D:13 ?   D:15 [   Orc:2 %[=[   Vaults:1 %   Vaults:2 [
Vaults:3 :

Annotations:
Elf:2 3 runed doors


Innate Abilities, Weirdness & Mutations

You have claws for feet.
You are completely covered in rough black scales (AC +10, Dex -3).
Your flesh is heat resistant.
You are completely covered in sharp spines.
You are immune to clouds of flame.
Potions and wands are less effective at restoring your health.
You expend magic power (3 MP) to strengthen your wands.


Message History

Read which item? (? for menu, Esc to quit)
Okay, then.
Unknown command.
Read which item? (? for menu, Esc to quit)
As you read the scroll of teleportation, it crumbles to dust.
You feel strangely unstable.
The stone giant throws a large rock.
The large rock is repelled.
You block the death yak's attack.
You puncture the death yak! You burn the death yak.
Your kick misses the death yak.
The death yak is moderately wounded.
The eye of devastation gazes at you. The bolt of energy hits you!
* * * LOW HITPOINT WARNING * * *
Drink which item? (? for menu, Esc to quit)
You feel much better.
The death yak changes into a storm dragon!
The soul eater draws from the surrounding life force!
* * * LOW HITPOINT WARNING * * *
The stone giant throws a large rock.
The large rock hits you!!
You die...

#........u #.⌠...C...
#......... #......G..
###......... #...........
#...........#....# ..
#...@2.e....#....# p#
#......).D34....#....# .#
..........Z.p........##.e
.......[.............#...
..............((.([*[ep..
#############....[2[[.)##
.......ZB<<[[...
......)†14(<[...
........s<<[(.)%


You could see a storm dragon shaped shifter, a purple very ugly thing, a stone
giant, a lorocyproca (invisible), a soul eater, an eye of devastation shaped
shifter, a deep elf demonologist, an orange demon, an ironbrand convoker and a
human skeleton.

Vanquished Creatures
  Nikola (Swamp:2)
  2 tentacled monstrosities (Vaults:5)
  A titan (Vaults:5)
  A tentacled starspawn (Abyss:3)
  2 sphinxes
  A quicksilver dragon (Vaults:5)
  Gastronok (Lair:3)
  A thorn hunter (Swamp:3)
  3 storm dragons
  3 shadow dragons
  3 tengu reavers
  4 fire giants
  2 frost giants (Vaults:5)
  5 greater nagas
  13 vault wardens
  Maud (Lair:3)
  Donald (Snake:1)
  2 orc warlords (Orc:2)
  2 deep elf sorcerers
  14 ironheart preservers
  2 war gargoyles (Vaults:5)
  2 angels (Abyss:3)
  3 salamander stormcallers
  3 very ugly things
  3 stone giants
  5 deep elf demonologists
  Snorg (D:10)
  7 ettins
  3 deep elf death magi (Vaults:3)
  2 fire dragons (Vaults:1)
  An eidolon (Abyss:3)
  Josephine (Snake:1)
  A minotaur (Lab)
  3 great orbs of eyes
  11 yaktaur captains
  29 vault guards
  A rakshasa (Abyss:3)
  An ice dragon (Vaults:1)
  14 naga warriors
  15 hydras
  4 ghost crabs
  3 catoblepae (Lair:8)
  4 anacondas
  4 centaur warriors
  An anaconda (shapeshifter) (Vaults:5)
  12 death yaks (Lair:8)
  The ghost of 4thArraOfDagon the Covert, a journeyman FeFi of Cheibriados (D:15)
  14 ogre magi
  The ghost of cireshan the Destroyer, a journeyman HECj of Sif Muna (D:11)
  13 dancing weapons
  5 alligators
  3 tengu warriors
  A satyr (Snake:2)
  8 thrashing horrors (Abyss:3)
  2 deep troll earth magi
  A spriggan berserker (Swamp:4)
  2 orc high priests (Elf:1)
  8 naga sharpshooters
  5 shock serpents
  Urug (Volcano)
  Sonja (D:14)
  4 large abominations (Abyss:3)
  17 deep elf knights
  A wretched star (Abyss:3)
  A sea snake (Snake:2)
  3 shadow wraiths
  3 salamander mystics
  A fire crab (Vaults:3)
  A death drake (shapeshifter) (Vaults:1)
  6 skeletal warriors
  13 deep trolls
  An unseen horror (Vaults:1)
  A quicksilver dragon simulacrum (Abyss:3)
  A flayed ghost (Vaults:3)
  12 swamp dragons
  4 naga ritualists
  17 deep elf archers
  A giant orange brain (Abyss:3)
  A deep troll (shapeshifter) (Vaults:4)
  A spatial maelstrom (Abyss:3)
  A lindwurm (Snake:2)
  The ghost of Meriados the Cleaver, a novice HuCK of Xom (D:6)
  2 shambling mangroves (Swamp:4)
  11 orc knights
  4 spriggan druids
  7 hill giants
  4 necromancers
  3 wizards
  32 deep elf magi
  11 ironbrand convokers
  4 griffons
  4 wolf spiders
  3 orc sorcerers
  A shining eye (shapeshifter) (Vaults:2)
  7 cyclopes
  28 ugly things
  11 mana vipers
  2 hornets
  18 salamanders
  4 starcursed masses (Abyss:3)
  A manticore (D:12)
  A human skeleton (Vaults:5)
  A sixfirhy (Abyss:3)
  A smoke demon (Abyss:3)
  A guardian serpent (shapeshifter) (D:13)
  13 vault sentinels
  41 black mambas
  3 guardian serpents
  21 naga magi
  A gargoyle (D:12)
  17 spiny frogs
  3 rime drakes
  6 freezing wraiths
  A komodo dragon (shapeshifter) (Vaults:4)
  2 kobold demonologists
  3 efreet
  7 komodo dragons
  A yaktaur skeleton (Vaults:5)
  40 yaktaurs
  A tengu conjurer (D:15)
  2 ancient zymes (Abyss:3)
  2 polar bears (Lair:6)
  10 trolls
  11 giant leeches
  A merfolk (D:10)
  A two-headed ogre (shapeshifter) (Vaults:4)
  26 two-headed ogres
  A queen bee (Lair:7)
  A jumping spider (shapeshifter) (Vaults:3)
  4 boulder beetles
  8 bog bodies
  A harpy skeleton (D:13)
  27 blink frogs
  36 slime creatures
  A frost giant simulacrum (Vaults:3)
  13 raiju (Abyss:3)
  9 spriggans
  A ynoxinul (Abyss:3)
  3 redbacks (Vaults:4)
  7 wyverns
  46 yaks
  6 shadows
  A water elemental (Elf:1)
  5 fire elementals
  6 wraiths
  A human (shapeshifter) (Vaults:4)
  A golden eye (shapeshifter) (Vaults:3)
  2 chaos spawn (Abyss:3)
  2 hungry ghosts
  Eustachio (D:5)
  6 basilisks
  6 hippogriffs
  A hog (shapeshifter) (Vaults:4)
  3 neqoxecs (Abyss:3)
  41 vampire mosquitoes
  7 insubstantial wisps
  A spatial vortex (Abyss:3)
  22 wolves
  A naga (shapeshifter) (Vaults:1)
  68 nagas
  2 mottled dragons
  23 swamp worms
  The ghost of MordorOrchid the Magician, an amateur OpWz (D:3)
  5 wargs
  2 hell hounds (Lair:2)
  24 water moccasins
  8 porcupines
  A minotaur simulacrum (Abyss:3)
  47 orc warriors
  3 phantoms
  7 sky beasts
  An eye of draining (Abyss:3)
  11 swamp drakes
  An eye of draining (shapeshifter) (D:14)
  2 ice beasts
  19 wasps
  2 black bears
  58 ogres
  A necrophage (D:9)
  10 centaurs
  15 crocodiles
  Blork the orc (D:5)
  An earth elemental (Elf:1)
  16 giant frogs
  A wyvern zombie (D:13)
  5 small abominations (Abyss:3)
  A wyvern skeleton (D:7)
  2 scorpions
  28 killer bees
  6 wights
  9 electric eels
  5 howler monkeys
  10 crimson imps
  A centaur zombie (D:7)
  2 giant frog zombies
  7 hounds
  A gnoll shaman (D:7)
  8 jellies
  5 quasits
  6 centaur skeletons
  13 orc priests
  A giant frog skeleton (D:4)
  2 iron imps (Abyss:3)
  16 orc wizards
  Jessica (D:3)
  4 worker ants
  Ijyb (D:3)
  14 iguanas
  25 sheep
  A hound zombie (D:7)
  2 hound skeletons
  2 worker ant zombies
  21 gnolls
  16 adders
  49 river rats
  9 shadow imps
  A white imp (D:7)
  An ooze (D:4)
  3 worms (D:3)
  5 giant geckos
  130 orcs
  3 bat zombies (D:3)
  4 giant cockroaches
  12 goblins
  8 hobgoblins
  8 jackals
  7 kobolds
  10 quokkas
  3 ball pythons
  17 bats
  A giant gecko skeleton (D:6)
  9 giant newts
  A goblin skeleton (D:4)
  A goblin zombie (D:4)
  3 hobgoblin zombies (D:4)
  A jackal zombie (D:6)
  An orc skeleton (D:4)
  2 orc zombies (D:4)
  2 quokka skeletons
  7 rats
  7 briar patches (Swamp:3)
  A fungus (Lair:7)
  A plant (Lair:8)
1853 creatures vanquished.

Vanquished Creatures (collateral kills)
  An ogre mage (Vaults:3)
  2 redbacks (Vaults:4)
  A wyvern (Lair:5)
  2 water moccasins (Lair:5)
6 creatures vanquished.

Vanquished Creatures (others)
  3 yaktaur captains
  A centaur warrior (Vaults:3)
  A deep elf knight (Vaults:2)
  A deep elf archer (Vaults:2)
  An unseen horror (Vaults:1)
  An ironbrand convoker (Vaults:1)
  A wolf spider (Vaults:1)
  A cyclops (Orc:2)
  8 yaktaurs
  A small abomination (Abyss:3)
  A water elemental (Elf:1)
  3 spriggans (Swamp:4)
  2 vampire mosquitoes (Vaults:3)
  3 centaurs
  An orc (Orc:2)
  A briar patch (Swamp:3)
  9 fungi
  5 plants
  8 starspawn tentacles (Abyss:3)
  201 starspawn tentacle segments (Abyss:3)
253 creatures vanquished.

Grand Total: 2112 creatures vanquished

Notes
Turn   | Place    | Note
--------------------------------------------------------------
     0 | D:1      | Foomius the Demonspawn Gladiator began the quest for the Orb.
     0 | D:1      | Reached XP level 1. HP: 16/16 MP: 1/1
   148 | D:1      | Gained mutation: You are partially covered in rough black scales (AC +4, Dex -1). [demonic ancestry]
   148 | D:1      | Reached XP level 2. HP: 15/22 MP: 2/2
   646 | D:2      | Reached XP level 3. HP: 27/27 MP: 3/3
  1219 | D:2      | Gained mutation: You are mostly covered in rough black scales (AC +7, Dex -2). [demonic ancestry]
  1219 | D:2      | Reached XP level 4. HP: 33/33 MP: 4/4
  1710 | D:3      | Noticed MordorOrchid's ghost (amateur OpWz)
  1889 | D:3      | Found a burning altar of Makhleb.
  1891 | D:3      | Noticed a balrug
  1896 | D:3      | Noticed a hellwing
  1896 | D:3      | Noticed an orange demon
  1945 | D:3      | Reached skill level 5 in Maces & Flails
  1990 | D:3      | Noticed Ijyb
  2336 | D:3      | Gained mutation: You have sharp toenails. [demonic ancestry]
  2336 | D:3      | Reached XP level 5. HP: 38/38 MP: 5/5
  2343 | D:3      | Found an ancient bone altar of Kikubaaqudgha.
  2413 | D:3      | Killed MordorOrchid's ghost
  2442 | D:2      | Reached XP level 6. HP: 20/44 MP: 6/6
  2735 | D:3      | Noticed Jessica
  2743 | D:3      | Killed Jessica
  3059 | D:3      | Killed Ijyb
  3059 | D:3      | Reached skill level 1 in Shields
  3522 | D:4      | Found a glowing golden altar of the Shining One.
  3959 | D:4      | Reached XP level 7. HP: 26/50 MP: 7/7
  4722 | D:5      | Entered Level 5 of the Dungeon
  4732 | D:5      | Found a sparkling altar of Nemelex Xobeh.
  4938 | D:5      | Found a staircase to the Ecumenical Temple.
  4984 | Temple   | Entered the Ecumenical Temple
  5135 | Temple   | Became a worshipper of Warmaster Okawaru
  5296 | D:5      | Noticed Blork the orc
  5311 | D:5      | Killed Blork the orc
  5740 | D:5      | Found Maicaogu's Gadget Shop.
  5749 | D:5      | Bought a wand of iceblast (10/15) for 182 gold pieces
  6000 | D:5      | Noticed Eustachio
  6040 | D:5      | Killed Eustachio
  6040 | D:5      | Gained mutation: Your flesh is heat resistant. [demonic ancestry]
  6040 | D:5      | Reached XP level 8. HP: 49/58 MP: 8/8
  6323 | D:6      | Reached * piety under Okawaru
  6323 | D:6      | Reached skill level 1 in Evocations
  6342 | D:6      | Reached skill level 1 in Invocations
  6855 | D:6      | Found an oddly glowing altar of Pakellas.
  7403 | D:6      | Noticed Meriados's ghost (novice HuCK)
  7713 | D:6      | Gained mutation: You have razor-sharp toenails. [demonic ancestry]
  7713 | D:6      | Reached XP level 9. HP: 66/66 MP: 10/10
  7784 | D:7      | Reached ** piety under Okawaru
  7784 | D:7      | Reached skill level 5 in Shields
  8394 | D:7      | Found a deep blue altar of Sif Muna.
  9756 | D:9      | Found a sparkling altar of Nemelex Xobeh.
  9782 | D:9      | Found a staircase to the Lair.
  9924 | D:9      | Reached *** piety under Okawaru
 10130 | D:9      | Gained mutation: You are partially covered in sharp spines. [demonic ancestry]
 10130 | D:9      | Reached XP level 10. HP: 64/73 MP: 10/12
 10308 | D:9      | Found Joufiseb's Antique Armour Boutique.
 10389 | D:9      | Reached skill level 10 in Maces & Flails
 10439 | D:9      | Bought an embroidered cloak for 112 gold pieces
 10439 | D:9      | Bought a faintly glowing ring mail for 225 gold pieces
 10457 | D:9      | Identified the +1 ring mail of Otwoimowk {+Fly rPois rF- Stlth-} (You bought it in a shop on level 9 of the Dungeon)
 10781 | D:10     | Entered Level 10 of the Dungeon
 10879 | D:10     | Noticed an orc knight
 10900 | D:10     | Killed an orc knight
 10951 | D:10     | Noticed Snorg
 10996 | Lair:1   | Entered Level 1 of the Lair of Beasts
 11056 | D:9      | Bought a runed helmet for 112 gold pieces
 11192 | Lair:1   | Noticed a spiny frog
 11208 | Lair:1   | Killed a spiny frog
 11264 | Lair:1   | Reached **** piety under Okawaru
 11692 | Lair:1   | Identified a -1 rod of inaccuracy (11/11) (You found it on level 1 of the Lair of Beasts)
 11868 | Lair:1   | Noticed a spiny frog
 11872 | Lair:1   | Killed a spiny frog
 12166 | Lair:2   | Got a pair of dazzling gloves
 12177 | Lair:2   | Identified the +2 pair of gloves of Vifat {rPois} (You found it on level 2 of the Lair of Beasts)
 12262 | Lair:2   | Found a dark tunnel.
 12297 | Volcano  | Entered a volcano
 12524 | Volcano  | Noticed Urug
 12534 | Volcano  | Gained mutation: You have claws for feet. [demonic ancestry]
 12534 | Volcano  | Reached XP level 11. HP: 67/78 MP: 10/13
 12545 | Volcano  | Killed Urug
 12765 | Lair:2   | Reached ***** piety under Okawaru
 12870 | Lair:2   | Noticed a seven-headed hydra
 12883 | Lair:2   | Killed a seven-headed hydra
 12883 | Lair:2   | Received a gift from Okawaru
 12883 | Lair:2   | Reached skill level 1 in Armour
 13090 | Lair:2   | Reached skill level 2 in Armour
 13248 | Lair:2   | Reached skill level 3 in Armour
 13345 | Lair:1   | Reached skill level 6 in Armour
 13345 | Lair:1   | Gained mutation: You are mostly covered in sharp spines. [demonic ancestry]
 13345 | Lair:1   | Reached XP level 12. HP: 84/84 MP: 14/14
 13824 | Lair:3   | Reached skill level 5 in Fighting
 13916 | Lair:3   | Received a gift from Okawaru
 13927 | Lair:3   | Noticed Gastronok
 13949 | Lair:3   | Killed Gastronok
 14007 | Lair:3   | Noticed a five-headed hydra
 14015 | Lair:3   | Noticed Maud
 14015 | Lair:3   | Killed a five-headed hydra
 14027 | Lair:3   | Killed Maud
 14083 | Lair:3   | Found a labyrinth entrance.
 14102 | Lab      | Entered a labyrinth
 14386 | Lab      | Noticed a minotaur
 14398 | Lab      | Killed a minotaur
 14398 | Lab      | Reached XP level 13. HP: 69/96 MP: 15/15
 14416 | Lair:3   | Identified a cursed +0 rod of ignition (12/12) (You took it off a minotaur in a labyrinth)
 15594 | Lair:4   | Identified the Papyrus of Feathery Bewitchment
 16090 | Lair:5   | Reached ****** piety under Okawaru
 16117 | Lair:5   | Received a gift from Okawaru
 16128 | Lair:5   | Found a staircase to the Snake Pit.
 17403 | Lair:5   | Found a staircase to the Swamp.
 17764 | Lair:6   | Reached skill level 5 in Invocations
 18341 | Lair:6   | Gained mutation: You have an increased reservoir of magic (+10% MP). [potion of beneficial mutation]
 18342 | Lair:6   | Gained mutation: You are agile. (Dex +2) [potion of beneficial mutation]
 19153 | Lair:7   | Received a gift from Okawaru
 19181 | Lair:7   | Gained mutation: You are completely covered in rough black scales (AC +10, Dex -3). [demonic ancestry]
 19181 | Lair:7   | Reached XP level 14. HP: 89/108 MP: 21/21
 19210 | Lair:7   | Got a faintly glowing troll leather armour {god gift}
 19221 | Lair:7   | Identified the +0 troll leather armour of Cocytus {rElec Regen+ Str+4} (Okawaru gifted it to you on level 7 of the Lair of Beasts)
 19537 | Lair:7   | Found a staircase to the Slime Pits.
 19537 | Lair:7   | Found a viscous altar of Jiyva.
 19877 | Lair:7   | Reached skill level 15 in Maces & Flails
 20364 | Lair:8   | Entered Level 8 of the Lair of Beasts
 20488 | Lair:8   | Got a warped greatsling
 20489 | Lair:8   | Identified the +6 greatsling of Myz Sar {venom, rN+ Str-5 Stlth+} (You found it on level 8 of the Lair of Beasts)
 21494 | Lair:8   | Reached skill level 5 in Dodging
 21591 | Lair:8   | Received a gift from Okawaru
 21690 | Lair:8   | Reached skill level 10 in Fighting
 22287 | Lair:1   | Learned a level 2 spell: Repel Missiles
 22361 | Swamp:1  | Entered Level 1 of the Swamp
 22387 | Swamp:1  | Received a gift from Okawaru
 22629 | Swamp:1  | Got a dazzling triple sword
 22635 | Swamp:1  | Identified the +7 triple sword "Asaoggec" {drain, rPois} (You found it on level 1 of the Swamp)
 22695 | Swamp:1  | Reached skill level 1 in Spellcasting
 22898 | Swamp:1  | Reached skill level 5 in Evocations
 23122 | Swamp:1  | Reached skill level 1 in Charms
 23433 | Swamp:2  | Noticed Nikola
 23756 | Swamp:2  | Reached XP level 15. HP: 115/115 MP: 22/22
 23872 | Swamp:2  | Killed Nikola
 23872 | Swamp:2  | Reached skill level 1 in Air Magic
 24597 | Swamp:3  | Received a gift from Okawaru
 24619 | Swamp:3  | Got a transparent broad axe {god gift}
 24620 | Swamp:3  | Identified the +2 broad axe of the Illusory Souls {speed, rPois rF- rC+ Str+7} (Okawaru gifted it to you on level 3 of the Swamp)
 25359 | Swamp:3  | Noticed a thorn hunter
 25373 | Swamp:3  | Killed a thorn hunter
 25737 | Swamp:4  | Entered Level 4 of the Swamp
 26524 | Swamp:4  | Received a gift from Okawaru
 27113 | Swamp:4  | Got a decaying rune of Zot
 27244 | Swamp:4  | Reached XP level 16. HP: 118/122 MP: 20/23
 27610 | Snake:1  | Entered Level 1 of the Snake Pit
 27703 | Lair:1   | Learned a level 2 spell: Swiftness
 27707 | Lair:1   | Learned a level 3 spell: Regeneration
 27871 | Snake:1  | Noticed Josephine
 27879 | Snake:1  | Killed Josephine
 27879 | Snake:1  | Received a gift from Okawaru
 28008 | Snake:1  | Noticed Donald
 28117 | Snake:1  | Killed Donald
 29223 | Snake:2  | Reached skill level 15 in Shields
 30724 | Snake:3  | Reached skill level 7 in Armour
 30773 | Snake:3  | Received a gift from Okawaru
 31173 | Snake:1  | Reached skill level 5 in Charms
 31579 | Snake:3  | Found a sacrificial altar of Ru.
 32601 | Snake:4  | Entered Level 4 of the Snake Pit
 32624 | Snake:4  | Reached skill level 8 in Armour
 32800 | Snake:4  | Received a gift from Okawaru
 32806 | Snake:4  | Reached XP level 17. HP: 129/131 MP: 24/24
 32882 | Snake:4  | Gained mutation: Your flesh is cold resistant. [potion of beneficial mutation]
 33013 | Snake:3  | Reached skill level 1 in Necromancy
 33233 | Snake:4  | Received a gift from Okawaru
 33257 | Snake:4  | Got a twisted mace {god gift}
 33258 | Snake:4  | Identified the +9 mace "Laorraci" {venom, *Contam +Blink rElec rF+} (Okawaru gifted it to you on level 4 of the Snake Pit)
 33286 | Snake:4  | Gained mutation: You are frail (-10% HP). [mutagenic glow]
 35282 | Snake:4  | Received a gift from Okawaru
 35384 | Snake:4  | Got a serpentine rune of Zot
 35675 | Lair:1   | Learned a level 1 spell: Shock
 35869 | D:10     | Killed Snorg
 35999 | D:10     | Reached skill level 1 in Conjurations
 36032 | D:10     | Received a gift from Okawaru
 36213 | D:10     | Found a large runed door.
 36214 | D:10     | Found a large runed door.
 36279 | D:10     | Found a shattered altar of Ashenzari.
 36296 | D:10     | Found a bloodstained altar of Trog.
 36405 | D:11     | Found a basalt altar of Yredelemnul.
 36437 | D:11     | Noticed cireshan's ghost (journeyman HECj)
 36451 | D:11     | Killed cireshan's ghost
 36748 | D:11     | Found Teoclus's Book Emporium.
 36753 | D:11     | Bought a manual of Armour for 1545 gold pieces
 36890 | D:11     | Found a staircase to the Orcish Mines.
 36995 | Orc:1    | Entered Level 1 of the Orcish Mines
 37112 | Orc:2    | Entered Level 2 of the Orcish Mines
 37642 | Orc:2    | Reached skill level 9 in Armour
 37643 | Orc:2    | Found a staircase to the Elven Halls.
 37804 | Orc:2    | Found Cystotui's Food Emporium.
 38161 | Orc:2    | Found Yfuisalo's Armour Shoppe.
 38181 | Orc:2    | Found Oshruq's Jewellery Shop.
 38192 | Orc:2    | Found Ycruasathri's Armour Emporium.
 38905 | D:12     | Found a flagged portal.
 38928 | Bailey   | Entered a bailey
 39420 | Bailey   | Reached skill level 10 in Armour
 39420 | Bailey   | Reached XP level 18. HP: 126/128 MP: 26/26
 39814 | D:12     | Found a roughly hewn altar of Beogh.
 40632 | Lair:1   | Identified 3 scrolls of acquirement
 40696 | D:11     | Reached skill level 11 in Armour
 40793 | D:13     | Reached skill level 5 in Necromancy
 40820 | D:13     | Gained mutation: You are completely covered in sharp spines. [demonic ancestry]
 40820 | D:13     | Reached XP level 19. HP: 95/134 MP: 24/27
 40840 | D:13     | Reached skill level 5 in Conjurations
 40878 | D:13     | Got a brightly glowing cloak
 40897 | D:13     | Identified the +2 cloak of Magic {MR+ rCorr} (You acquired it on level 13 of the Dungeon)
 40912 | D:13     | Found a gate to the Vaults.
 41117 | D:13     | Found Jicaman's Magic Scroll Emporium.
 41138 | D:13     | Bought a scroll of identify for 26 gold pieces
 41138 | D:13     | Bought a scroll of identify for 26 gold pieces
 41138 | D:13     | Bought a scroll of summoning for 123 gold pieces
 41155 | D:13     | Bought 3 scrolls of torment for 292 gold pieces
 41254 | D:11     | Bought a book of Minor Magic for 280 gold pieces
 41257 | D:11     | Learned a level 2 spell: Blink
 41644 | Vaults:1 | Entered Level 1 of the Vaults
 41656 | Vaults:1 | Learned a level 3 spell: Mephitic Cloud
 42072 | D:6      | Killed Meriados's ghost
 42365 | D:14     | Noticed Sonja
 42367 | D:14     | Killed Sonja
 42367 | D:14     | Reached skill level 1 in Translocations
 43044 | D:15     | Entered Level 15 of the Dungeon
 43044 | D:15     | Noticed 4thArraOfDagon's ghost (journeyman FeFi)
 43048 | D:15     | Killed 4thArraOfDagon's ghost
 43129 | D:15     | Received a gift from Okawaru
 43130 | D:15     | Reached skill level 12 in Armour
 43164 | D:15     | Found a staircase to the Depths.
 43236 | D:15     | Found Justefo's Armour Shop.
 43313 | D:15     | Found a sacrificial altar of Ru.
 44288 | Vaults:1 | Upgraded the game from 0.18-a0-1435-gee79d65 to 0.18-a0-1443-ge8f1551
 44602 | Vaults:1 | Reached skill level 13 in Armour
 44776 | Vaults:1 | Found Egesaloxt's Food Shoppe.
 44828 | Vaults:1 | Got a steaming long sword
 44829 | Vaults:1 | Identified the +4 long sword of Jeog {slice, MR+ Str+2} (You found it on level 1 of the Vaults)
 44842 | Vaults:1 | Reached skill level 5 in Air Magic
 44855 | Vaults:1 | Reached skill level 5 in Spellcasting
 45665 | Vaults:1 | Received a gift from Okawaru
 46496 | Vaults:1 | Received a gift from Okawaru
 46497 | Vaults:1 | Got a fine mace {god gift}
 46498 | Vaults:1 | Identified the +3 mace of Okawaru's Wrath {drain, *Contam Str+2 Dex+5} (Okawaru gifted it to you on level 1 of the Vaults)
 46824 | Vaults:2 | Found a staircase to the Crypt.
 46824 | Vaults:2 | Found a basalt altar of Yredelemnul.
 46825 | Vaults:2 | Found an ancient bone altar of Kikubaaqudgha.
 47077 | Vaults:2 | Found Tuxer's Antique Armour Shoppe.
 47533 | Vaults:2 | Gained mutation: Potions and wands are less effective at restoring your health. [mutagenic glow]
 47926 | Vaults:2 | Reached XP level 20. HP: 140/140 MP: 33/33
 49005 | Vaults:3 | Received a gift from Okawaru
 49179 | Vaults:3 | Paralysed by a sphinx for 5 turns
 49199 | Vaults:3 | Received a gift from Okawaru
 49303 | Vaults:2 | Gained mutation: You tend to lose your temper in combat. [a shining eye]
 49635 | Vaults:1 | Learned a level 5 spell: Lightning Bolt
 49636 | Vaults:1 | Lost mutation: You are frail (-10% HP). [potion of cure mutation]
 49636 | Vaults:1 | Lost mutation: You tend to lose your temper in combat. [potion of cure mutation]
 49636 | Vaults:1 | Lost mutation: Your flesh is cold resistant. [potion of cure mutation]
 49636 | Vaults:1 | Lost mutation: You have an increased reservoir of magic (+10% MP). [potion of cure mutation]
 49636 | Vaults:1 | Lost mutation: You are agile. (Dex +2) [potion of cure mutation]
 51129 | Elf:1    | Entered Level 1 of the Elven Halls
 51207 | Elf:1    | Got a smoking diamond amulet
 51287 | Elf:1    | Identified the amulet of Veclask {Regen+ Int+4 Dex+6} (You found it on level 1 of the Elven Halls)
 52788 | Elf:1    | Reached skill level 10 in Conjurations
 53484 | Elf:2    | Found a runed gate.
 53484 | Elf:2    | Found a runed gate.
 53484 | Elf:2    | Found a runed gate.
 53673 | Elf:2    | Received a gift from Okawaru
 54254 | Vaults:3 | Found Xag Doug's Book Boutique.
 54726 | D:11     | Bought a book of Enchantments for 700 gold pieces
 54798 | Vaults:1 | Learned a level 6 spell: Haste
 55108 | Vaults:2 | Reached skill level 14 in Armour
 55108 | Vaults:2 | Gained mutation: You are immune to clouds of flame. [demonic ancestry]
 55108 | Vaults:2 | Reached XP level 21. HP: 153/165 MP: 31/33
 55937 | Vaults:3 | Reached skill level 15 in Armour
 56038 | Vaults:4 | Received a gift from Okawaru
 56346 | Vaults:4 | Received a gift from Okawaru
 57171 | Vaults:4 | Reached skill level 16 in Armour
 57686 | Vaults:5 | Entered Level 5 of the Vaults
 57699 | Vaults:5 | Reached skill level 10 in Charms
 57706 | Vaults:5 | Reached skill level 17 in Armour
 57857 | Vaults:5 | Received a gift from Okawaru
 57862 | Vaults:5 | Reached XP level 22. HP: 139/172 MP: 20/34
 57880 | Vaults:5 | Received a gift from Okawaru
 58032 | Vaults:5 | Cast into level 3 of the Abyss (a deep elf demonologist)
 58032 | Abyss:3  | Found a corrupted altar of Lugonu.
 58051 | Abyss:3  | Received a gift from Okawaru
 58052 | Abyss:3  | Got a dazzling scale mail {god gift}
 58426 | Abyss:3  | Gained mutation: You expend magic power (3 MP) to strengthen your wands. [a neqoxec]
 58435 | Abyss:3  | Found a corrupted altar of Lugonu.
 58930 | Abyss:3  | Found a radiant altar of Vehumet.
 59250 | Vaults:5 | Escaped the Abyss
 59367 | Vaults:5 | Hit by a large rock thrown by a stone giant

Vault maps used:
D:1:      grunt_arrival_crossed_arrows, minmay_lizard_king
D:2:      first_bread
D:3:      minmay_door_path, lemuel_zombie_altar_kikubaaqudgha,
          makhleb_altar_promises_db, uniq_jessica, uniq_iyjb
D:4:      nicolae_tso_besieged_by_evil, item_on_display_a
D:5:      nemelex_xobeh_ov_fountains_minmay, minmay_temple_entry_large_hall,
          serial_shops, nicolae_shop_stone, uniq_blork_the_orc, uniq_eustachio
D:6:      johnstein_pakellas_death_squad
D:7:      basic_altar
D:9:      lair_0_dummy, serial_shops, shop_coins, basic_altar,
          kennysheep_generic_room_5
D:10:     minmay_curly_fans, hangedman_fish_farm, jmf_multi_god_temple2,
          uniq_snorg
D:11:     orc_0_dummy, serial_shops, kennysheep_mini, grunt_decor_mini_mirrors,
          yredelemnul_altar_generic
D:12:     special_room, lightli_bailey_entry_fortress
D:13:     erik_vaults_1, serial_shops, shop_coins
D:14:     serial_bayou_pond_d, uniq_sonja
D:15:     hangedman_depths_entry_civil_slaughter, serial_shops, shop,
          nicolae_ru_path_of_blood, lemuel_flamethrower_2
Temple:   nicolae_temple_elliptical
Lair:2:   enter_volcano_3, minmay_stone_trees_small
Lair:3:   lab_entry_generic, roderic_batcave, minivault_19,
          infiniplex_staircase_pool, grunt_megastairs_5, serial_bayou_shore_b,
          uniq_maud, uniq_gastronok
Lair:4:   cheibrodos_lair_reptile_den
Lair:5:   minmay_swamp_entry_worms, minmay_snake_entry_six_corridors,
          serial_bayou, serial_bayou_crossing, serial_bayou_lagoon_b,
          serial_bayou_pond_a, serial_bayou_ford_a, beast_lair_carwin_2
Lair:6:   grunt_forest_large_clearings
Lair:7:   slime_altar_1, special_room, grunt_megastairs_1
Lair:8:   evilmike_catoblepas_cave, serial_bayou_pond_d
Swamp:1:  evilmike_swamp_ruin_wall
Swamp:2:  evilmike_swamp_ruin_house_2, swamp_pool1, uniq_nikola
Swamp:3:  nicolae_swamp_trees_clearing
Swamp:4:  swamp_basic_johnstein
Snake:1:  serial_bayou_shore_b, serial_bayou_shore_b, uniq_donald,
          uniq_josephine
Snake:2:  special_room, abandoned_shop, serial_bayou_shore_b,
          serial_bayou_shore_a
Snake:3:  basic_altar, basic_stair_grate_trap
Snake:4:  minmay_snake_end_coiled, grunt_ministairs_10, st_stairs_11
Orc:2:    st_orc_open
Elf:1:    minivault_28, abandoned_shop, serial_sigils_hangedman_shear
Vaults:1: vaults_room_pools, grunt_vaults_twisty, v_rooms_1, st_eye,
          hangedman_vaults_snaps, v_rooms_2,
          hangedman_vaults_stretched_pinwheel, serial_shops,
          nicolae_shop_statue_plus, infiniplex_enter_wizlab_water
Vaults:2: vaults_dpeg_spiral, serial_ice_g, hangedman_vaults_nails,
          ontoclasm_vaults_idyll, v_alt_pattern_2, vaults_room_pool,
          nicolae_vaults_border_crossing, minmay_crypt_entry_necro_gods,
          serial_shops, nicolae_shop_behind_doors
Vaults:3: ontoclasm_vaults_misaligned, nicolae_vaults_stairing_the_circle,
          vaults_mumra_hex, hangedman_vaults_stagger, dpeg_vaults_monster_box,
          hangedman_vaults_restitches, st_cells, grunt_vaults_focal,
          nicolae_vaults_little_squares_3, v_misc_27, vaults_mumra_lcd,
          serial_shops, shop
Vaults:4: vaults_room_fours, vaults_mumra_minichess_inversion, v_alt_pattern_3,
          nicolae_vaults_circle_grid_b, vaults_room_grid, v_misc_16,
          nicolae_vaults_mini_display_case, vaults_room_pool, v_misc_4,
          nicolae_vaults_know_your_exits, ontoclasm_vaults_loading_screen,
          vaults_dpeg_encased_lava, v_misc_27, v_alt_pattern_2
Vaults:5: serial_shops
Abyss:3:  minivault_19, small_statue_intersection,
          evilmike_abyss_rune_tso_outpost
Lab:      labyrinth_watery, nicolae_lab_lava, labyrinth_skeletal_remains
Bailey:   bailey_polearm_flooded_kennysheep, bailey
Volcano:  volcano_pools

Skill      XL: |  1  2  3  4  5  6  7  8  9 10 11 12 13 14 15 16 17 18 19 20 21 22 |
---------------+-------------------------------------------------------------------+-----
Maces & Flails | 3 4 5 6 7 8 9 11 13 14 16 | 16.0
Shields        | 2 3 4 6 9 11 13 15 | 15.0
Fighting       | 3 4 7 9 10 11 13 14 | 14.2
Evocations     | 1 3 5 6 |  6.0
Invocations    | 1 3 6 |  6.8
Dodging        | 4 6 7 8 |  8.8
Armour         | 6 8 10 11 13 14 17 | 17.9
Spellcasting   | 2 4 6 8 9 |  9.3
Charms         | 2 6 10 12 | 12.4
Air Magic      | 3 4 7 9 |  9.0
Necromancy     | 4 5 |  5.6
Conjurations   | 4 6 10 | 10.6
Translocations | 4 |  4.0
Throwing       | |  1.7

Action                   |  1- 3 |  4- 6 |  7- 9 | 10-12 | 13-15 | 16-18 | 19-21 | 22-24 || total
-------------------------+-------+-------+-------+-------+-------+-------+-------+-------++-------
Melee: Flail             |   117 |   254 |   675 |    67 |       |       |       |       ||  1113
       Morningstar       |       |       |       |   337 |       |       |       |       ||   337
       Eveningstar       |       |       |       |    42 |  1651 |   390 |    92 |    37 ||  2212
       Demon whip        |       |       |       |       |       |  1173 |  1769 |   314 ||  3256
       Mace              |       |       |       |       |       |       |    82 |       ||    82
       Staff             |       |       |       |       |       |       |     1 |       ||     1
       Rod               |       |       |       |       |       |       |    11 |       ||    11
 Fire: Hunting sling     |       |       |    85 |     7 |       |       |       |       ||    92
       Greatsling        |       |       |       |     8 |       |       |       |       ||     8
       Hand crossbow     |       |       |       |     1 |    95 |    61 |       |       ||   157
Throw: Stone             |    60 |    47 |    53 |       |       |       |       |       ||   160
       Tomahawk          |       |       |    24 |    16 |       |       |     6 |       ||    46
       Throwing net      |       |       |       |     5 |       |       |       |       ||     5
       Javelin           |       |       |       |    23 |    93 |   108 |    24 |       ||   248
 Cast: Repel Missiles    |       |       |       |       |     2 |     7 |     1 |     1 ||    11
       Shock             |       |       |       |       |       |    27 |    95 |       ||   122
       Regeneration      |       |       |       |       |       |     5 |    26 |    14 ||    45
       Swiftness         |       |       |       |       |       |     1 |     6 |       ||     7
       Mephitic Cloud    |       |       |       |       |       |       |     3 |       ||     3
       Blink             |       |       |       |       |       |       |     1 |       ||     1
       Lightning Bolt    |       |       |       |       |       |       |    19 |     1 ||    20
Invok: Heroism           |       |       |     5 |    11 |    23 |    30 |    17 |     5 ||    91
       Finesse           |       |       |       |       |     6 |     7 |     3 |     3 ||    19
Evoke: Wand              |       |       |     9 |     8 |    25 |    65 |    37 |     2 ||   146
       Rod               |       |       |       |     5 |    31 |    26 |    17 |     2 ||    81
       Deck              |       |       |       |       |     6 |       |       |       ||     6
       Stone of tremors  |       |       |       |       |       |     2 |       |       ||     2
       Phial of floods   |       |       |       |       |       |     1 |       |       ||     1
       Phantom mirror    |       |       |       |       |       |       |     1 |       ||     1
       Lamp of fire      |       |       |       |       |       |       |     1 |       ||     1
  Use: Scroll            |       |     4 |     2 |     9 |     7 |    20 |    26 |     8 ||    76
       Potion            |       |     3 |     1 |     5 |     8 |     6 |    14 |     6 ||    43
 Stab: Sleeping          |       |     1 |     2 |       |       |       |       |       ||     3
       Distracted        |       |       |     1 |       |     1 |       |       |       ||     2
       Invisible         |       |       |       |     3 |     3 |       |       |       ||     6
       Confused          |       |       |       |       |     4 |     5 |     3 |       ||    12
       Paralysed         |       |       |       |       |       |       |     4 |       ||     4
  Eat: Chunk             |     1 |    10 |    18 |    14 |    43 |    32 |    62 |     3 ||   183
       Beef jerky        |       |       |     1 |       |     2 |     1 |     1 |       ||     5
       Pizza             |       |       |     1 |     1 |       |     1 |     1 |     1 ||     5
       Fruit             |       |       |       |       |     7 |     6 |     4 |       ||    17
       Meat ration       |       |       |       |       |     1 |     2 |       |     1 ||     4
       Royal jelly       |       |       |       |       |       |     2 |       |       ||     2
